Map: Orbital Shipyard

Players

Delongate - Winner!

  • Race: Terran Terran
  • League: Platinum

Daywalker

  • Race: Protoss Protoss
  • League: Platinum

VOD

Have the link to the VOD?

Description

Time

  • Played on: Dec. 14, 2015, 6:34 p.m.
  • Length: 7:37
Show
View Real Time Build Order
Export as new Build Order

Delongate Terran - Winner!

Build Orders: Command Center First (CC) 

Get SALT Encoding   

  12  0:00  SCV  
  13  0:13  SCV  
  14  0:17  Supply Depot  
  14  0:25  SCV  
  15  0:39  SCV  
  16  0:51  SCV  
  17  1:02  Command Center  
  17  1:03  SCV  
  18  1:13  Barracks  
  18  1:16  SCV  
  19  1:28  SCV  
  19  1:31  Barracks  
  20  1:39  Refinery  
  20  1:41  SCV  
  21  1:47  Refinery  
  22  1:54  SCV  
  22  2:04  Marine  
  22  2:07  Orbital Command  
  23  2:15  Orbital Command  
  23  2:19  Barracks Reactor  
  23  2:23  Barracks Tech Lab  
  23  2:33  SCV  
  24  2:41  Barracks  
  24  2:42  SCV  
  25  2:45  SCV, Marine  
  25  2:50  Stimpack  
  27  2:55  SCV  
  27  2:57  SCV  
  29  2:59  Marine x2  
  31  3:13  Marine  
  31  3:14  SCV  
  31  3:15  SCV  
  31  3:19  Supply Depot, Marine x2  
  36  3:20  Supply Depot  
  36  3:26  SCV  
  37  3:29  Barracks Reactor  
  37  3:30  Factory  
  37  3:31  Marine  
  38  3:40  SCV x2, Marine x2  
  42  3:51  Marauder  
  42  3:52  SCV x2  
  45  4:02  Marine x2  
  46  4:06  SCV  
  46  4:07  SCV  
  48  4:11  Marine  
  48  4:12  Marine  
  48  4:14  Command Center  
  50  4:20  SCV x2, Marine x2  
  50  4:22  Factory Reactor  
  54  4:25  Starport  
  54  4:29  Supply Depot  
  54  4:50  Marine x4  
  54  4:51  Marauder  
  60  5:03  Barracks  
  60  5:04  Supply Depot x2, Barracks  
  60  5:05  Barracks  
  60  5:09  Marine x2  
  62  5:25  SCV x2, Marine x3  
  62  5:26  Supply Depot  
  62  5:27  Engineering Bay  
  67  5:30  Bunker  
  67  5:31  Marine x2  
  69  5:38  SCV  
  69  5:39  SCV  
  71  5:50  Orbital Command  
  71  5:51  SCV, Marine x2  
  71  5:52  Marine x3  
  76  6:05  SCV x2  
  76  6:09  Marine x2  
  76  6:11  Medivac x2  
  84  6:17  SCV, Marine x2  
  86  6:22  SCV x2  
  86  6:23  Marine  
  89  6:27  Marine  
  89  6:28  Barracks Reactor, Marine  
  89  6:29  Barracks Reactor  
  89  6:30  Missile Turret, Marauder  
  89  6:32  SCV  
  93  6:35  Marine x2  
  95  6:41  Medivac  
  95  6:44  Marine, Medivac  
  100  6:50  Marine  
  100  6:52  Missile Turret  
  101  6:57  Supply Depot, Marine  
  101  6:58  Marine  
  101  7:00  SCV  
  104  7:01  Marine  
  104  7:05  Barracks Tech Lab  
  104  7:06  Marine x2  
  107  7:09  Marine  
Show
View Real Time Build Order
Export as new Build Order

Daywalker Protoss 

Build Orders: Dark Templar Rush 

Get SALT Encoding   

  12  0:02  Probe (Chrono Boost)  
  13  0:13  Probe (Chrono Boost)  
  14  0:23  Pylon  
  14  0:26  Probe (Chrono Boost)  
  15  0:41  Probe (Chrono Boost)  
  16  0:46  Gateway  
  16  0:48  Assimilator  
  16  0:51  Probe (Chrono Boost)  
  16  0:55  Assimilator  
  17  1:02  Probe (Chrono Boost)  
  18  1:12  Probe (Chrono Boost)  
  18  1:14  Pylon  
  19  1:23  Probe (Chrono Boost)  
  20  1:33  Cybernetics Core, Probe (Chrono Boost)  
  21  1:44  Probe (Chrono Boost)  
  22  1:55  Probe (Chrono Boost)  
  23  2:03  Nexus  
  23  2:06  Probe (Chrono Boost)  
  24  2:17  Probe (Chrono Boost)  
  24  2:19  Pylon  
  25  2:23  Warp Gate (Chrono Boost)  
  25  2:28  Probe  
  26  2:30  Stalker (Chrono Boost)  
  28  2:40  Probe  
  29  2:49  Twilight Council  
  29  2:52  Mothership Core  
  31  3:01  Gateway  
  31  3:14  Probe  
  31  3:25  Probe  
  31  3:26  Probe, Assimilator  
  33  3:30  Assimilator  
  33  3:35  Probe  
  33  3:37  Dark Shrine  
  33  3:38  Probe  
  35  3:46  Probe  
  36  3:50  Probe  
  37  3:56  Probe  
  37  4:02  Probe  
  39  4:07  Probe  
  40  4:14  Probe, Pylon  
  41  4:17  Probe  
  41  4:20  Robotics Facility  
  41  4:22  Gateway  
  42  4:24  Gateway  
  42  4:26  Probe  
  42  4:28  Probe, Pylon  
  44  4:38  Probe x2  
  46  4:49  Probe  
  46  4:50  Probe, Pylon  
  48  4:59  Sentry x2  
  52  5:00  Probe  
  52  5:02  Probe  
  52  5:04  Pylon  
  54  5:09  Observer  
  54  5:11  Probe, Pylon  
  54  5:12  Pylon  
  56  5:15  Probe  
  56  5:19  Dark Templar  
  59  5:28  Dark Templar x3  
  65  5:34  Probe  
  66  5:35  Probe  
  66  5:40  Pylon  
  66  5:41  Observer (Chrono Boost)  
  68  5:44  Probe  
  68  5:47  Probe  
  68  5:55  Probe  
  68  5:56  Nexus  
  67  5:59  Probe  
  68  6:05  Probe  
  69  6:12  Probe  
  69  6:16  Probe  
  71  6:24  Probe  
  70  6:27  Probe  
  69  6:36  Probe, Warp Prism (Chrono Boost)  
  69  6:37  Probe  
  73  6:42  Dark Templar x3  
  79  6:48  Probe  
  79  6:52  Pylon  
  79  6:53  Stalker  
  82  7:02  Robotics Bay  
  82  7:04  Robotics Facility  
  78  7:25  Dark Templar x4  
Tags
 
Add a new tag
Caveats
  • Supply blocks, unpowered buildings, or Contaminate may cause inaccurate times.
  • Supply counts are checked every 10 seconds.